 Dungeon Crawl Stone Soup version 0.28.0-43-g3370ac3207 (webtiles) character file.

Game seed: 7304973473099589173

2064 lonewolfV2 the Cleaver (level 9, -3/79 HPs)
             Began as a Hill Orc Fighter on Mar 2, 2022.
             Slain by a phantom (5 damage)
             ... on level 6 of the Dungeon.
             The game lasted 00:11:29 (7750 turns).

lonewolfV2 the Cleaver (Hill Orc Fighter)           Turns: 7750, Time: 00:11:29

Health: -3/79      AC:  7    Str: 23    XL:     9   Next: 25%
Magic:  3/3        EV: 10    Int:  8    God:
Gold:   273        SH:  0    Dex: 10    Spells: 8/8 levels left

rFire   . . .      SeeInvis +   d - +2 halberd (antimagic)
rCold   . . .      Faith    .   (shield currently unavailable)
rNeg    . . .      Spirit   .   b - +0 scale mail
rPois   .          Reflect  .   (no helmet)
rElec   .          Harm     .   (no cloak)
rCorr   .          Rampage  .   (no gloves)
Will    .....      Rnd*Tele +   (no boots)
Stlth   ..........              (no amulet)
HPRegen 0.23/turn               f - ring of see invisible
MPRegen 0.08/turn               (no ring)

@: mighty
A: deterioration 1, teleportitis 1
a: no special abilities


You were on level 6 of the Dungeon.
You visited 1 branch of the dungeon, and saw 6 of its levels.
You also visited: Ossuary.

You collected 273 gold pieces.

Inventory:

Hand Weapons
 a - a +1 war axe
 d - a +2 antimagic halberd (weapon)
Armour
 b - a +0 scale mail (worn)
 c - a +0 buckler
Jewellery
 f - a ring of see invisible (left hand)
Wands
 j - a wand of iceblast (16)
 m - a wand of acid (4)
Scrolls
 g - a scroll of holy word
 h - a scroll of teleportation
 t - a scroll of enchant armour {unknown}
Potions
 e - a potion of flight {unknown}
 i - a potion of magic
 k - 3 potions of mutation
 l - 2 potions of degeneration
 n - a potion of might
 o - 3 potions of cancellation
 p - a potion of lignification {unknown}
 q - a potion of haste {unknown}
 r - 3 potions of brilliance {unknown}
 s - a potion of resistance {unknown}


   Skills:
 + Level 7.4 Fighting
 + Level 10.3 Axes
 + Level 1.0(5.5) Polearms
 + Level 7.2 Armour
 + Level 1.9 Dodging
 + Level 0.6 Stealth
 + Level 4.4 Shields


You had 8 spell levels left.
You didn't know any spells.
Your spell library contained the following spells:

 Spells                   Type           Power      Damage    Failure   Level
 Ozocubu's Armour         Ice            0%         N/A       96%         3
 Ozocubu's Refrigeration  Ice            0%         4d5       100%        7


Dungeon Overview and Level Annotations

Branches:
Dungeon (6/15)            Ossuary (visited)
 Temple: D:4-7

Altars:
Kikubaaqudgha


Innate Abilities, Weirdness & Mutations

Your body sometimes deteriorates upon taking damage.
You are occasionally teleported next to monsters.


Message History

A phantom is nearby!
A phantom is nearby!
You feel very mighty all of a sudden. The phantom closely misses you.
You closely miss the phantom. The phantom barely misses you.
The phantom hits you.
* * * LOW HITPOINT WARNING * * *
The phantom blinks!
You blink.
You hit the phantom.
The phantom is lightly damaged.
The phantom hits you.
* * * LOW HITPOINT WARNING * * *
You closely miss the phantom.
The phantom is lightly damaged.
The phantom barely misses you.
You closely miss the phantom.
The phantom is lightly damaged.
The phantom hits you.
* * * LOW HITPOINT WARNING * * *
The phantom blinks!
You blink.
You barely miss the phantom.
The phantom is lightly damaged.
The phantom hits you.
* * * LOW HITPOINT WARNING * * *
The phantom blinks!
You blink.
The phantom hits you but does no damage.
The phantom closely misses you. The phantom closely misses you.
You impale the phantom!!
The phantom is severely damaged.
The phantom hits you.
* * * LOW HITPOINT WARNING * * *
The phantom blinks!
You blink.
You closely miss the phantom.
The phantom is severely damaged.
The phantom hits you but does no damage.
You closely miss the phantom.
The phantom is severely damaged.
The phantom hits you.
You die...

# #.#### ......
#.##.###############
.......ยง...........#
#.#.....######.W@..#
#.....### #.....#
#.#.......# #.....#
#.#....#### #..#+##
..#....# #..##
.......# #.##
.......# ## .....###
.....#


You could see a phantom.

Vanquished Creatures
  Grinder (D:3)
  Sigmund (D:5)
  Menkaure (D:6)
  2 necrophages
  2 ogres
  2 centaurs (D:5)
  2 phantoms (D:5)
  A bullfrog (D:5)
  A gnoll sergeant (D:5)
  A wyvern zombie (D:6)
  2 scorpions (D:5)
  4 water moccasin zombies (Ossuary)
  A centaur zombie (D:4)
  A jelly (D:5)
  A hound (D:4)
  Ijyb (D:3)
  Terence (D:3)
  An iguana (D:5)
  A hound skeleton (D:4)
  3 mummies
  3 adders
  4 gnolls (D:5)
  A howler monkey skeleton (D:4)
  An ufetubus (D:5)
  2 adder zombies (Ossuary)
  5 worms
  A dart slug (D:2)
  4 orcs
  11 ball pythons
  7 endoplasms
  5 giant cockroaches
  6 gnoll zombies (Ossuary)
  12 goblins
  10 hobgoblins
  10 jackals
  A quokka (D:2)
  4 bats
  2 frilled lizards
  2 hobgoblin zombies (Ossuary)
  3 kobolds
  3 kobold zombies (Ossuary)
  3 orc zombies (Ossuary)
  4 rats
134 creatures vanquished.

Vanquished Creatures (others)
  36 plants (D:5)
36 creatures vanquished.

Grand Total: 170 creatures vanquished

Notes
Turn   | Place    | Note
-------+----------+-------------------------------------------
     0 | D:1      | lonewolfV2 the Hill Orc Fighter began the quest for the
                  | Orb.
     0 | D:1      | Reached XP level 1. HP: 19/19 MP: 1/1
   183 | D:1      | Reached XP level 2. HP: 27/27 MP: 2/2
   709 | D:1      | Reached skill level 3 in Axes
   716 | D:1      | Reached XP level 3. HP: 33/33 MP: 3/3
   948 | D:1      | Found a faded altar of an unknown god.
  1168 | D:2      | Found an ancient bone altar of Kikubaaqudgha.
  1767 | D:3      | Noticed Terence
  1777 | D:3      | Killed Terence
  1778 | D:3      | Reached XP level 4. HP: 19/41 MP: 4/4
  2043 | D:3      | Noticed Ijyb
  2051 | D:3      | Killed Ijyb
  2052 | D:3      | Reached skill level 4 in Axes
  2099 | D:3      | Reached XP level 5. HP: 40/47 MP: 5/5
  2191 | D:3      | Reached skill level 5 in Fighting
  2328 | D:3      | Noticed Grinder
  2334 | D:3      | Paralysed by Grinder for 2 turns
  2355 | D:3      | Killed Grinder
  2356 | D:3      | Reached skill level 5 in Axes
  2356 | D:3      | Reached skill level 1 in Dodging
  2356 | D:3      | Reached XP level 6. HP: 11/56 MP: 6/6
  3101 | D:4      | Reached skill level 6 in Axes
  3101 | D:4      | Reached XP level 7. HP: 4/62 MP: 7/7
  3530 | D:4      | Found a sand-covered staircase.
  3540 | Ossuary  | Entered an ossuary
  3739 | Ossuary  | Reached skill level 7 in Axes
  3745 | Ossuary  | Reached skill level 5 in Armour
  4272 | D:5      | Entered Level 5 of the Dungeon
  4522 | D:5      | Reached skill level 8 in Axes
  4522 | D:5      | Reached XP level 8. HP: 48/71 MP: 8/8
  5185 | D:5      | Noticed Sigmund
  5208 | D:5      | HP: 1/71 [something (11)]
  5212 | D:5      | Killed Sigmund
  5756 | D:5      | Reached skill level 9 in Axes
  6424 | D:5      | Reached XP level 9. HP: 46/79 MP: 9/9
  7431 | D:6      | Noticed Menkaure
  7441 | D:6      | Killed Menkaure
  7442 | D:6      | Reached skill level 10 in Axes
  7703 | D:6      | Gained mutation: You are occasionally teleported next to
                  | monsters. [potion of mutation]
  7703 | D:6      | Gained mutation: Your body sometimes deteriorates upon
                  | taking damage. [potion of mutation]
  7705 | D:6      | Reached skill level 1 in Polearms
  7747 | D:6      | HP: 2/79 [phantom (4)]
  7750 | D:6      | Slain by a phantom

Illustrated notes

Levels and vault maps discovered:
D:1:      minmay_arrival_open_corners, layout_loops_corners,
          shapermc_ecumenical_altar_pompeii, nicolae_figureground_sparkle
D:2:      layout_basic, basic_altar
D:3:      layout_basic, uniq_terence, uniq_grinder, uniq_ijyb
D:4:      layout_gridville, serial_glass, glass_columns_c, glass_columns_b,
          glass_columns_b, glass_columns_a, glass_columns_a, glass_columns_a,
          glass_columns_c, glass_columns_a, gup_ossuary_entry_pyramid,
          st_stairs_1
D:5:      layout_basic, serial_bayou, serial_bayou_pond_e, serial_bayou_lake_a,
          serial_bayou_shore_a, serial_bayou_crossing, grunt_ministairs_11,
          minmay_ogre_servants, uniq_sigmund
D:6:      layout_basic, minmay_overflow_temple_star_hex, uniq_menkaure

Skill      XL: |  1  2  3  4  5  6  7  8  9 |
---------------+----------------------------+-----
Fighting       | 4 5 6 7 |  7.4
Axes           | 3 4 5 6 8 9 10 | 10.3
Armour         | 4 5 7 |  7.2
Dodging        | 1 |  1.9
Shields        | 4 |  4.4
Polearms       | 1 |  1.0
Stealth        | |  0.6

Action                   |  1- 3 |  4- 6 |  7- 9 || total
-------------------------+-------+-------+-------++-------
Melee: War axe           |    99 |    73 |   265 ||   437
       Halberd           |       |       |    35 ||    35
  Use: Potion            |       |     2 |    11 ||    13
       Scroll            |       |       |    12 ||    12
Armor: Scale mail        |    88 |    45 |   119 ||   252
Dodge: Dodged            |    80 |    28 |   156 ||   264
Block: Buckler           |    46 |    17 |    60 ||   123
